 Dungeon Crawl Stone Soup version 0.21.1-1-g345015f (webtiles) character file.

140 Kagorn the Skirmisher (level 5, 0/53 HPs)
             Began as a Troll Monk on July 16, 2018.
             Slain by an orc
             ... wielding a +0 club
              (5 damage)
             ... on level 4 of the Dungeon.
             The game lasted 00:09:46 (1822 turns).

Kagorn the Skirmisher (Troll Monk)                  Turns: 1822, Time: 00:09:50

Health: 0/53       AC:  6    Str: 20    XL:     5   Next: 2%
Magic:  4/4        EV: 10    Int:  6    God:
Gold:   108        SH:  0    Dex: 12    Spells: 4/4 levels left

rFire    . . .     SeeInvis .   a - +0 falchion
rCold    . . .     Gourm    +   (no shield)
rNeg     . . .     Faith    .   b - +1 robe
rPois    .         Spirit   .   (helmet restricted)
rElec    .         Reflect  .   (no cloak)
rCorr    .         Harm     .   (gloves unavailable)
MR       .....                  (boots unavailable)
Stlth    ++........             (no amulet)
HPRegen  0.57/turn              (no ring)
MPRegen  0.09/turn              (no ring)

@: lethally poisoned (0 -> -13)
A: large, unfitting armour, claws 3, fast metabolism 3, gourmand, regeneration
1, shaggy fur 1, tough skin 2
a: no special abilities


You were on level 4 of the Dungeon.
You were very full.

You visited 1 branch of the dungeon, and saw 4 of its levels.

You collected 108 gold pieces.

Inventory:

Hand Weapons
 a - a +0 falchion (weapon)
 f - a cursed +1 whip
Armour
 b - a +1 robe (worn)
Scrolls
 e - a scroll of enchant armour
 h - 2 scrolls of fear {unknown}
 i - 2 scrolls of amnesia
 m - a scroll of noise {unknown}
Potions
 d - a potion of flight {unknown}
 g - a potion of heal wounds {unknown}
 k - a potion of brilliance {unknown}
 l - a potion of lignification {unknown}
Comestibles
 c - 7 rations


   Skills:
 * Level 3.2 Fighting
 * Level 3.2 Long Blades
 + Level 1.1 Armour
 + Level 2.8 Dodging
 + Level 1.4 Stealth


You had 4 spell levels left.
You didn't know any spells.

Dungeon Overview and Level Annotations

Branches:
Dungeon (3/15)

Altars:
Ashenzari
Dithmenos
Uskayaw


Innate Abilities, Weirdness & Mutations

You are too large for most types of armour.
You have claws for hands.
Your metabolism is lightning-fast.
You like to eat raw meat.
Your natural rate of healing is unusually fast.
You are covered in fur. (AC +1)
You have very tough skin. (AC +2)


Message History

The orc wizard hits you but does no damage.
You are more poisoned.
The orc closely misses you.
You hit the orc wizard but do no damage.
You feel sick. The worker ant barely misses you.
The giant cockroach bites you but does no damage.
The orc wizard barely misses you. The orc barely misses you.
You hit the orc wizard but do no damage.
You feel sick. The worker ant bites you.
You are more poisoned.
The worker ant poisons you! The giant cockroach closely misses you.
You riposte.
You closely miss the giant cockroach.
The giant cockroach is moderately wounded.
The orc wizard gestures at you while chanting.
The magic dart hits you!
* * * LOW HITPOINT WARNING * * *
The worker ant bites you.
* * * LOW HITPOINT WARNING * * *
The orc hits you with a club.
You die...

# ..#########
#.........######
#.....[)o..?...#
#(.....@o..#
#......as..##...
#.......!......>
#..........##...
#........).# ..
#####....#.# #
####.#$# #.#.#
#.#.#


You could see a worker ant, an orc wizard, an orc and a giant cockroach.

Vanquished Creatures
  An orc wizard (D:4)
  3 gnolls (D:3)
  2 adders (D:2)
  An ooze (D:3)
  A dart slug (D:1)
  A leopard gecko (D:2)
  An orc (D:4)
  2 giant cockroaches
  9 goblins
  7 hobgoblins
  11 jackals
  A kobold (D:3)
  A quokka (D:2)
  A ball python (D:1)
  4 bats
  5 frilled lizards
  5 rats
56 creatures vanquished.

Notes
Turn   | Place    | Note
-------+----------+-------------------------------------------
     0 | D:1      | Kagorn the Troll Monk began the quest for the Orb.
     0 | D:1      | Reached XP level 1. HP: 22/22 MP: 0/0
    74 | D:1      | Reached XP level 2. HP: 25/29 MP: 1/1
   274 | D:1      | Reached XP level 3. HP: 36/36 MP: 2/2
  1080 | D:2      | Found a hide-covered altar of Uskayaw.
  1288 | D:2      | Found a shadowy altar of Dithmenos.
  1358 | D:2      | Found a shattered altar of Ashenzari.
  1453 | D:2      | Reached XP level 4. HP: 42/45 MP: 3/3
  1623 | D:3      | Reached skill level 1 in Armour
  1802 | D:3      | You fall through a shaft!
  1811 | D:4      | Reached XP level 5. HP: 36/53 MP: 4/4
  1822 | D:4      | Slain by an orc

Skill      XL: |  1  2  3  4 |
---------------+-------------+-----
Long Blades    | 3 |  3.2
Fighting       | 3 |  3.2
Armour         | 1 |  1.1
Dodging        | |  2.8
Stealth        | |  1.4

Action                   |  1- 3 |  4- 6 || total
-------------------------+-------+-------++-------
Melee: Falchion          |   116 |    48 ||   164
  Use: Scroll            |     5 |       ||     5
 Stab: Sleeping          |     6 |       ||     6
  Eat: Chunk             |    19 |     3 ||    22
Armor: Robe              |    56 |    42 ||    98
Dodge: Dodged            |    85 |    54 ||   139
       Rpst.: Falchion   |    30 |    20 ||    50
